 Dungeon Crawl Stone Soup version 0.27.1-35-g4d5d836560 (console) character file.

Game seed: 16941760790775016898

11901 grimtooth the Covert (level 11, -4/89 HPs)
             Began as a Ghoul Necromancer on July 17, 2022.
             Was a Priest of Dithmenos.
             Slain by a seven-headed hydra (13 damage)
             ... on level 1 of the Lair of Beasts on July 18, 2022.
             The game lasted 02:18:27 (17550 turns).

grimtooth the Covert (Ghoul Necromancer)           Turns: 17550, Time: 02:18:28

Health: -4/89      AC: 10    Str: 16    XL:     11   Next: 85%
Magic:  17/17      EV: 10    Int: 16    God:    Dithmenos [***...]
Gold:   1722       SH:  0    Dex:  9    Spells: 6/19 levels left

rFire    . . .     SeeInvis .     - Unarmed
rCold    + . .     Faith    .   (no shield)
rNeg     + + +     Spirit   .   B - +2 ring mail {rN+}
rPois    ∞         Reflect  .   A - +0 helmet
rElec    .         Harm     .   (no cloak)
rCorr    .         Rampage  +   (no gloves)
Will     .....                  c - +1 pair of boots {rampage}
Stlth    +++++.....             (no amulet)
HPRegen  0.00/turn              y - ring of wizardry
MPRegen  0.15/turn              r - +6 ring of intelligence

@: about to teleport, inhibited regen, wreathed by umbra
A: claws 1, cold resistance 1, negative energy resistance 3, inhibited
regeneration, torment resistance 2
a: Renounce Religion, Shadow Step


You were on level 1 of the Lair of Beasts.
You worshipped Dithmenos.
Dithmenos was most pleased with you.
You visited 3 branches of the dungeon, and saw 14 of its levels.
You also visited: Gauntlet.

You collected 1956 gold pieces.
You spent 234 gold pieces at shops.

Inventory:

Hand Weapons
 b - a +1 vampiric dagger
Missiles
 g - 45 poisoned darts (quivered)
 C - 2 throwing nets {=f}
 L - 5 curare-tipped darts
Armour
 c - a +1 pair of boots of rampaging (worn)
 A - a +0 helmet (worn)
 B - a +2 ring mail of positive energy (worn)
 F - a +0 buckler
 R - a +1 leather armour of fire resistance
Jewellery
 i - a ring of protection from cold
 r - a +6 ring of intelligence (right claw)
 y - a ring of wizardry (left claw)
 z - a ring of fire
 U - a +6 ring of strength
Wands
 a - a wand of charming (2)
 p - a wand of flame (21)
 H - a wand of iceblast (6)
 X - a wand of polymorph (17)
Scrolls
 l - a scroll of vulnerability
 m - a scroll of brand weapon {unknown}
 v - 2 scrolls of torment {unknown}
 E - a scroll of silence
 G - a scroll of magic mapping {unknown}
 I - 2 scrolls of blinking
 J - a scroll of noise {unknown}
 K - 2 scrolls of teleportation
 P - a scroll of fear
Potions
 f - a potion of curing
 o - a potion of ambrosia
 u - 2 potions of flight
 w - 3 potions of cancellation
 O - a potion of brilliance


   Skills:
 - Level 6.0 Fighting
 * Level 5.0 Short Blades
 - Level 1.7 Dodging
 + Level 10.4 Stealth
 - Level 9.0 Unarmed Combat
 - Level 4.7 Spellcasting
 - Level 10.0 Necromancy
 - Level 6.0 Invocations


You had 6 spell levels left.
You knew the following spells:

 Your Spells              Type           Power      Damage    Failure   Level
a - Pain                  Necr           100%       1d9       1%          1
b - Vampiric Draining     Necr           17%        2d8       1%          3
g - Agony                 Necr           35%        N/A       6%          5
x - Animate Dead          Necr           17%        N/A       1%          4

Your spell library contained the following spells:

 Spells                   Type           Power      Damage    Failure   Level
 Animate Skeleton         Necr           70%        N/A       1%          1
 Conjure Flame            Conj/Fire      3%         6-21      32%         3
 Gell's Gravitas          Tloc           1%         N/A       32%         3
 Ignite Poison            Fire/Tmut/Pois 3%         N/A       32%         3
 Lesser Beckoning         Tloc           1%         N/A       32%         3
 Teleport Other           Tloc           3%         N/A       32%         3
 Sticky Flame             Conj/Fire      3%         2d3       71%         4
 Irradiate                Conj/Tmut      1%         3d14      96%         5
 Yara's Violent Unravell  Hex/Tmut       1%         3d3       96%         5
 Blade Hands              Tmut           Unusable   N/A       N/A         5
 Statue Form              Tmut/Erth      Unusable   N/A       N/A         6
 Dragon Form              Tmut           Unusable   N/A       N/A         7
 Necromutation            Tmut/Necr      Unusable   N/A       N/A         8

Dungeon Overview and Level Annotations

Branches:
Dungeon (12/15)            Temple (1/1) D:6            Lair (1/6) D:11
    Orc (0/2) D:12        Gauntlet (visited)

Altars:
Ashenzari
Cheibriados
Dithmenos
Elyvilon
Fedhas
Gozag
Hepliaklqana
Kikubaaqudgha
Makhleb
Nemelex Xobeh
Okawaru
Qazlal
Ru
Sif Muna
Trog
Uskayaw
Vehumet
Wu Jian
Xom
Zin
The Shining One

Shops:
D:6 (   D:9 (*[   D:10 :   D:11 :   D:12 ?

Annotations:
D:5 exclusion: door
D:8 3 runed translucent doors, exclusion: door, ticklebelly's ghost, novice MiBe
D:9 3 runed translucent doors, Tirrikindir's ghost, novice OpFi
D:10 exclusions: killer bee, shadow and 2 yaktaurs


Innate Abilities, Weirdness & Mutations

You thrive by killing the living.
You are immune to poison.
You have sharp fingernails.
Your flesh is cold resistant. (rC+)
You are immune to negative energy. (rN+++)
You do not regenerate when monsters are visible.
You are immune to unholy pain and torment.


Message History

Confirm with . or Enter, or press ? or * to list all spells.
Aiming: Vampiric Draining (safe; 1% risk of failure)
Press: ? - help, Shift-Dir - straight line, f/p - torpor snail
Aim: a torpor snail (severely wounded, very poisoned, umbra)
You draw life force from the torpor snail!
You kill the torpor snail!
Dithmenos accepts your kill.
You feel life coursing into your body!
You feel yourself speed up.
Your Short Blades skill increases to level 5!
You start resting.
Magic restored.
You start resting.
Magic restored.
You start resting.
HP restored.
You start resting.
HP restored.
g - 43 poisoned darts (gained 2)
g - 44 poisoned darts (gained 1)
There is a staircase to the Lair here.
g - 45 poisoned darts (gained 1)
There is a staircase to the Lair here.
As you read the scroll of teleportation, it crumbles to dust.
You feel strangely unstable.
You climb downwards.
Welcome back to the Lair of Beasts!
The yak gores you! The yak gores you but does no damage.
The seven-headed hydra bites you. The seven-headed hydra bites you!
The seven-headed hydra bites you but does no damage.
The seven-headed hydra closely misses you.
The seven-headed hydra bites you! x2; The seven-headed hydra bites you.
The yak gores you! x2
* * * LOW HITPOINT WARNING * * *
The yak gores you!
* * * LOW HITPOINT WARNING * * *
The yak completely misses you. The seven-headed hydra bites you.
* * * LOW HITPOINT WARNING * * *
The seven-headed hydra bites you but does no damage.
The seven-headed hydra bites you!
You die...

#............
##...≈≈≈......
#..≈≈≈≈≈≈≈....
##.≈≈≈≈≈≈≈≈....
#.≈≈≈≈≈≈≈≈≈≈...
#.≈≈≈≈≈;≈≈≈≈...
#.≈≈≈≈Y.Y≈≈....
#≈.≈≈.@.;.....
#.....DY......
##.##.........
# .#........
.......##..
##.#.(..# . #
###... ....


You could see a seven-headed hydra, 3 yaks and 2 electric eels.

Vanquished Creatures
  A minotaur (Gauntlet)
  2 deep elf pyromancers (D:12)
  An ugly thing (D:11)
  2 manticores (D:11)
  A torpor snail (D:11)
  2 unseen horrors (D:12)
  A meliai (Gauntlet)
  2 trolls
  A hornet (D:7)
  3 slime creatures (D:12)
  2 water elementals (D:11)
  A wyvern (D:8)
  2 wraiths
  8 yaks
  An acid dragon (D:9)
  7 orc warriors
  A sky beast (D:7)
  4 wolves
  3 ogres
  2 centaurs
  4 kobold brigands
  3 bullfrogs
  3 scorpions
  A water moccasin zombie (D:9)
  A wyvern zombie (D:6)
  2 howler monkeys
  6 centaur zombies
  6 electric eels
  An iron imp (D:7)
  A jelly (D:4)
  A wyvern simulacrum (D:9)
  2 bullfrog zombies (D:5)
  7 orc priests
  A gnoll shaman (D:8)
  11 hounds
  2 iguanas
  6 orc wizards
  2 killer bee zombies (D:6)
  2 howler monkey zombies
  5 gnolls (D:8)
  8 adders
  6 white imps
  2 howler monkey simulacra (D:9)
  2 ufetubi (D:9)
  2 adder skeletons
  An adder zombie (D:5)
  A worm (D:2)
  3 dart slugs
  48 orcs
  6 ball pythons
  4 endoplasms
  4 giant cockroaches
  6 goblins
  6 hobgoblins
  4 quokkas
  3 training dummies (D:6)
  4 frilled lizards
  23 kobolds
  6 rats
253 creatures vanquished.

Vanquished Creatures (collateral kills)
  An orc wizard (D:8)
  3 orcs (D:8)
4 creatures vanquished.

Vanquished Creatures (others)
  A meliai (Gauntlet)
  2 kobolds (D:9)
  5 demonic plants (Gauntlet)
8 creatures vanquished.

Grand Total: 265 creatures vanquished

Notes
Turn   | Place    | Note
-------+----------+-------------------------------------------
     0 | D:1      | grimtooth the Ghoul Necromancer began the quest for the
                  | Orb.
     0 | D:1      | Reached XP level 1. HP: 14/14 MP: 2/2
   354 | D:1      | Reached XP level 2. HP: 20/20 MP: 0/3
  1027 | D:2      | Reached XP level 3. HP: 26/26 MP: 1/4
  1183 | D:2      | Found a faded altar of an unknown god.
  1662 | D:2      | Reached skill level 5 in Necromancy
  2031 | D:3      | Reached XP level 4. HP: 33/33 MP: 1/5
  3102 | D:4      | Learned a level 3 spell: Vampiric Draining
  3123 | D:4      | Noticed an orc warrior
  3286 | D:4      | Reached XP level 5. HP: 38/38 MP: 2/6
  3328 | D:4      | Identified the +7 hand axe of Leof {holy, rN+ Str+6 Dex+3}
  3742 | D:4      | Identified the +5 chain mail "Gidoecs" {rN+ Will- Regen+
                  | Str+4}
  3911 | D:4      | Killed an orc warrior
  3912 | D:4      | Reached XP level 6. HP: 42/45 MP: 0/7
  4242 | D:5      | Entered Level 5 of the Dungeon
  4387 | D:5      | Reached skill level 5 in Stealth
  4562 | D:5      | Reached XP level 7. HP: 32/50 MP: 0/8
  6257 | D:5      | Learned a level 4 spell: Animate Dead
  6619 | D:6      | Found a sacrificial altar of Ru.
  6815 | D:6      | Reached XP level 8. HP: 38/57 MP: 5/9
  6854 | D:6      | Reached skill level 1 in Unarmed Combat
  7117 | D:6      | - too many zombies
  7117 | D:6      | - too many FAST zombies
  7396 | D:6      | Reached skill level 1 in Fighting
  7461 | D:6      | Found a staircase to the Ecumenical Temple.
  7471 | Temple   | Entered the Ecumenical Temple
  7647 | D:6      | Reached skill level 5 in Unarmed Combat
  7785 | Temple   | Became a worshipper of Dithmenos the Shadowed
  8041 | D:6      | Found an ancient bone altar of Kikubaaqudgha.
  8070 | D:6      | Reached XP level 9. HP: 59/68 MP: 5/12
  8251 | D:6      | Found Uczyrphac's Firing Range.
  8659 | D:7      | Found a snail-covered altar of Cheibriados.
  9136 | D:7      | Noticed a hornet
  9146 | D:7      | Killed a hornet
  9540 | D:7      | Found a hazy altar of Hepliaklqana.
  9596 | D:8      | Reached skill level 5 in Fighting
  9606 | D:8      | Reached * piety under Dithmenos
  9708 | D:8      | Noticed a +0 short sword
  9708 | D:8      | Noticed a +0 falchion
  9709 | D:8      | Noticed a +0 dagger
  9710 | D:8      | Noticed a +0 spear
  9710 | D:8      | Noticed a +0 dagger
  9710 | D:8      | Noticed a +0 falchion
  9711 | D:8      | Noticed a +0 short sword
  9711 | D:8      | Noticed a +0 spear
  9720 | D:8      | Found a hide-covered altar of Uskayaw.
 10105 | D:8      | Found a runed translucent gate.
 10118 | D:8      | Found a bloodstained altar of Trog.
 10118 | D:8      | Found an ornate altar of the Wu Jian Council.
 10154 | D:8      | Found a runed translucent gate.
 10155 | D:8      | Found a runed translucent gate.
 10157 | D:8      | Noticed ticklebelly's ghost (novice MiBe)
 10866 | D:9      | Reached XP level 10. HP: 83/83 MP: 13/13
 11005 | D:9      | Found a runed translucent gate.
 11008 | D:9      | Found a runed translucent gate.
 11009 | D:9      | Found a runed translucent gate.
 11010 | D:9      | Noticed Tirrikindir's ghost (novice OpFi)
 11071 | D:9      | Found Lumajo's Antique Weapon Emporium.
 11091 | D:9      | Reached ** piety under Dithmenos
 11096 | D:9      | Found Vupserod's Armour Shoppe.
 11097 | D:9      | Found Qiplidi's Antique Weapon Shop.
 11098 | D:9      | Found Oneajom's Assorted Antiques.
 11148 | D:9      | Bought a scroll of fear for 84 gold pieces
 11148 | D:9      | Bought a scroll labelled SASADU WE HODGH for 24 gold pieces
 11148 | D:9      | Bought a scroll of identify for 48 gold pieces
 11510 | D:9      | Found a burning altar of Makhleb.
 11510 | D:9      | Noticed a cacodemon
 11721 | D:10     | Entered Level 10 of the Dungeon
 11763 | D:10     | Learned a level 5 spell: Agony
 11816 | D:10     | - yaktaurs?!
 11973 | D:10     | Found Kaikh's Book Emporium.
 11994 | D:10     | Reached skill level 10 in Necromancy
 12238 | D:10     | Reached skill level 1 in Invocations
 12490 | D:11     | Noticed a manticore
 12490 | D:11     | Found a gate leading to a gauntlet.
 12705 | D:11     | - oh its right there...
 12713 | D:11     | - you wouldnt think a wraith would affect me
 12713 | D:11     | HP: 4/83 [wraith (8)]
 12718 | D:11     | - so what is gonna happen here...
 12718 | D:11     | - i feel likely to die
 12719 | Gauntlet | Entered a Gauntlet
 12719 | Gauntlet | Found a transporter.
 12719 | Gauntlet | Found a transporter.
 12719 | Gauntlet | Found a transporter.
 12720 | Gauntlet | - but i'm saved!
 12979 | Gauntlet | Found a transporter.
 12990 | Gauntlet | Found a transporter.
 12994 | Gauntlet | Found a transporter.
 13004 | Gauntlet | Found a transporter.
 13023 | Gauntlet | Found a transporter.
 13025 | Gauntlet | Noticed a wizard
 13030 | Gauntlet | Found a transporter.
 13034 | Gauntlet | Found a transporter.
 13037 | Gauntlet | Noticed a wizard
 13043 | Gauntlet | Found a transporter.
 13047 | Gauntlet | Found a transporter.
 13186 | Gauntlet | - oh a dead end... oops
 13467 | Gauntlet | - this is going to be hairy
 13491 | Gauntlet | Reached skill level 5 in Invocations
 13705 | Gauntlet | Identified the +5 scale mail of Kisot {Dex+7}
 13705 | Gauntlet | Noticed a minotaur
 13706 | Gauntlet | - great mace of holy wrath, wouldnt you know
 13728 | Gauntlet | Killed a minotaur
 13738 | Gauntlet | Identified the +3 ring mail "Visab" {-Cast +Inv rElec
                  | Str+7}
 13743 | Gauntlet | Got the Papyrus of Transformation
 13745 | Gauntlet | Identified the +3 ring mail "Suripp" {rPois rF- rN+++
                  | Int-5}
 13750 | Gauntlet | - ah I could have animated them
 13903 | D:11     | Noticed a manticore
 13917 | D:11     | Reached skill level 10 in Stealth
 13933 | D:11     | Killed a manticore
 13934 | D:11     | Reached XP level 11. HP: 48/89 MP: 1/17
 14358 | D:11     | Killed a manticore
 14482 | D:11     | Found a staircase to the Lair.
 14604 | D:11     | Noticed a cyan ugly thing
 14640 | D:11     | Killed a purple ugly thing
 15062 | D:11     | Found Ugidimir's Book Shop.
 15197 | D:12     | Noticed a deep elf pyromancer
 15222 | D:12     | Killed a deep elf pyromancer
 15223 | D:12     | Reached skill level 1 in Short Blades
 15355 | D:12     | Noticed a deep elf pyromancer
 15368 | D:12     | Killed a deep elf pyromancer
 16335 | D:12     | Found Last's Magic Scroll Boutique.
 16343 | D:12     | Bought a scroll of identify for 26 gold pieces
 16343 | D:12     | Bought a scroll of identify for 26 gold pieces
 16343 | D:12     | Bought a scroll of identify for 26 gold pieces
 16408 | D:12     | - wait theres two of them
 16693 | D:12     | Reached *** piety under Dithmenos
 16739 | D:12     | Noticed a cyclops
 17006 | D:12     | Found a staircase to the Orcish Mines.
 17224 | D:12     | Identified a scroll of acquirement
 17227 | D:12     | Acquired 1196 gold pieces
 17304 | Lair:1   | Entered Level 1 of the Lair of Beasts
 17304 | Lair:1   | Noticed a seven-headed hydra
 17323 | D:11     | Reached skill level 5 in Short Blades
 17550 | Lair:1   | Slain by a seven-headed hydra

Illustrated notes #..................# #.################.# #.# #.# #.############ #.# #<...........# #.# #..#########.# #.# ##).# ####.#####.# #.#.## #..........# .###.# ##.##.##.#### #.#.#####..##.##.#### ............Z...@...# ............#.##.##.# ##..##ZZ...##.##.##.# #..##.>.......).##.# #............##.##.# #.###.....#####)##.# #.####...#### #.##.# #...........###.##.# ######<.[#.#)).....# ##.....######## ####..# Turn 7117 on D:6: - too many zombies c....................# #..................### #............[....### ............##.##...# #..............###..### .........##.#...##..##. ......?...###...##..##. .................##..... #....#.###...#...###...# .....#............#..... .......@.(#.......#..... ........###......?...[.. ......... #............. ..........#............. .......[.............).. .................... ............. .....c.c...... Turn 11816 on D:10: - yaktaurs?! #........≈≈≈######.##.......## ## ....................[.###≈≈≈≈#.## #####≈≈≈.≈########.#####≈≈≈≈≈≈.## #≈≈≈≈.≈≈# #...............# #≈≈≈≈≈.≈≈#####.#.###≈≈≈≈≈≈≈≈≈≈# ##≈≈≈≈.............≈≈≈≈≈≈≈≈≈≈≈≈ ##≈≈≈.≈.......#.###≈≈≈≈≈≈≈≈≈≈≈ #≈......W.......# ##≈≈≈≈≈≈≈≈≈≈ ≈≈.≈≈)≈.###.#.#.# ##≈≈≈≈≈≈≈≈≈ ....≈≈.≈.###.#h### ≈≈≈≈...... #....@# #≈≈≈.≈≈≈≈ .......### #.#.#..###.######≈.≈ .≈.........<......≈ #.E≈≈............#.. ≈........h..≈≈≈≈≈≈≈. ≈≈≈≈.∩#.≈..≈.≈;≈≈≈≈≈ ≈≈≈≈≈.#..H..≈≈≈≈≈≈≈≈ #...≈≈≈≈≈≈≈≈≈≈ ≈≈≈≈≈≈≈....≈.≈≈≈≈≈≈h≈≈ ≈...........≈≈≈≈.≈≈.≈. Turn 12705 on D:11: - oh its right there... ...######≈≈≈.≈########.#####≈≈≈≈≈ ...# #≈≈≈≈.≈≈# #............. ...# #≈≈≈≈≈.≈≈#####.#.###≈≈≈≈≈≈≈ ...# ##≈≈≈≈.............≈≈≈≈≈≈≈≈ ...# ##≈≈≈.≈.......#.###≈≈≈≈≈≈≈ ...# #≈......W.......# ##≈≈≈≈≈≈ #### ≈≈.≈≈)≈.###.#.#.# ##≈≈≈≈≈ ....≈≈.≈.###h#.### ≈≈≈≈.. .≈≈.≈.#.....# #≈≈≈.≈ .≈≈...W.E..### ≈≈##.#@#..###.######≈.≈ #.≈.........<......≈ #.≈≈≈..H.........#.. #≈...........≈≈≈≈≈≈≈. #≈≈≈≈≈.∩#.≈..≈.≈;≈≈≈≈≈ #≈≈≈≈≈≈≈.#..≈..≈≈≈≈≈≈≈≈ #≈≈≈≈≈≈≈.#...≈≈≈≈≈≈≈≈≈≈ #≈≈≈≈≈≈≈....≈.≈≈≈≈≈≈h≈≈ ≈...........≈≈≈≈.≈≈.≈. #.≈≈≈≈≈ ........o ##..... Turn 12713 on D:11: - you wouldnt think a wraith would affect me .# ##≈≈≈.≈.......#.###≈≈≈≈≈≈≈≈≈ .# #≈......W.......# ##≈≈≈≈≈≈≈≈ ## ≈≈.≈≈)≈.###.#.#.# ##≈≈≈≈≈≈≈ ....≈≈.≈.###.#.### ≈≈≈≈.... .≈≈.≈.#.....# #≈≈≈.≈≈≈ .≈≈........### # ≈≈##.#.#..###.######≈.≈ #.≈..W......<......≈ ##.≈≈≈............#.. ##≈....E......≈≈≈≈≈≈≈. #≈≈≈≈≈.@#.≈..≈.≈;≈≈≈≈≈ #≈≈≈≈≈≈≈.#..≈..≈≈≈≈≈≈≈≈ #≈≈≈≈≈≈≈.#...≈≈≈≈≈≈≈≈≈≈ #≈≈≈≈≈≈≈....≈.≈≈≈≈≈≈h≈≈ #≈...........≈≈≈≈.≈≈.≈. #.≈≈≈≈≈.#. ..≈≈ ......o ##......... ....... ...≈≈≈≈.#.. ....... #.... ....≈≈≈h.≈... ...... #..# .≈..≈≈≈≈..≈ ; .....###..# ..≈≈≈≈≈≈≈ ≈≈ Turn 12718 on D:11: - so what is gonna happen here... #.©#. ©# #..#. .# ###..#. #.## 8#..#.##..^##. #..#.^......4 #..########## ###≈........... #8#∩...@....... ###≈........... #..########## #..###..###P# 8#..#.#.##5.#. ###..#. #...5[# #.. # #.©###. #.© ### 4© Turn 12720 on Gauntlet: - but i'm saved! #8#∩...∩........≈8≈........... ###≈............§≈§........... #..###########...########### ###..###..###.##...#.......WW# #8#..#.#.##..#.#...#........W# ###..#.##....[######........W# #..##.#.©###.#...#........?# ###.§###.####.5#©.©#....©...©# #8#..#....#.##5#...#.........# ###..##.#.#.##4#####.........# #..#.#..#..@.#...#........W# ###..#..###.#..#.8.#.......WW# #8#..###########...########### ###........................... #≈.......................... ############################ #8# #8# #8# #8# #8# #8# #8# ### ### ### ### ### ### ### Turn 13186 on Gauntlet: - oh a dead end... oops

#..#44....344#...###.©.h##.#...#.
#..###########...###########...##
#§.............≈.............§...
#∩...∩........≈8≈...........≈8≈..
#≈.............≈.............§...
#..###########...###########..§##
#..###..###.##...#.......WW#...#y
#..#.#.##..#.#...#........W#...#≈
#..#.##....[######........W#####.
#..##.#.©###.#...#W.......?#...#.
#.§###.####.4#©.@#W...©...©#©.©#.
#..#....#.##5#...#W........#...#§
#..##.#.#.##5#####W........#####≈
#..#.#..#....#...#........W#...#.
#..#..###.#..#.8.#.......WW#.8.#.
#..###########...###########...##
#................................
#≈...............................
#################################
#8# #8# #8# #8# #8# #8# #8# #8#
### ### ### ### ### ### ### ###


Turn 13467 on Gauntlet: - this is going to be hairy ####..#..# ...##.#..#####
###.#.#..#≈8§# .©.##.#..#.§.##### ####.##..#.8...... ...5###..#...###.##
#.###©#..#.8...... .555.##..#...#.#.. #######§§#...#.#.# #####
.......§≈#.©.#...#8.8[8: .......§§#...###@'..H... .......§§#.©.#...#8.8)8[
#######§§#..)#.#.####### §§§..y#..#...#.#.....# §≈§.≈≈#..#.8........8#
≈..≈..#..#...###.##.## .≈≈.≈[#..#.8........# .©y..©#..#...########
.≈§..$#..#≈8≈# §..≈.≈#..##### §.≈≈≈.#..# Turn 13706 on Gauntlet: - great mace of
holy wrath, wouldnt you know .#..# .#..##### .#..#≈8§# .#..#.§.#####
##..#.8...... ##..#...###.## ©#..#.8...... ##..#...#.#.. ##§§#...#.#.#########
..§≈#.©.#...#8.8÷8÷8# ..§§#...###.'.).@..∩# ..§§#.©.#...#8.8)8[8#
##§§#..)#.#.######### y#..#...#.#.....# ≈#..#.8........8# .#..#...###.##.##
[#..#.8........# ©#..#...######## $#..#≈8≈# ≈#..##### .#..# Turn 13750 on
Gauntlet: - ah I could have animated them #........# #........# . #........#
..#######........# ......##........###### ..(..+..............
#..#.............# #................# #o#..............# #)#..............' #..
#@#..............# #.# #{#..#######.....# #.# . #.##.# #.....# #.. # .o #)##.#
#.....# #.## .#+ #o####.##.## #.....# ...#ooo# #...#.##..# #[....# ...^o8o#
#o8...###+######.....# ..# #...#................# #.# #####......∩.........# ..#
#............##... ### #............##... Turn 16408 on D:12: - wait theres two
of them

Levels and vault maps discovered:
D:1:      saegor_arrival_simple_c, layout_loops_cross
D:2:      layout_loops_ring, shapermc_ecumenical_altar_notcrosses
D:3:      layout_rooms, zin_academy, serial_rivers,
          chequers_serial_rivers_room_a, chequers_serial_rivers_small_b,
          chequers_serial_rivers_room_b, chequers_serial_rivers_large_a,
          chequers_serial_rivers_micro_e, amcnicky_mini_corridor_feature
D:4:      layout_loops_ring
D:5:      layout_loops_cross, lemuel_mausoleum_altar_yredelemnul
D:6:      layout_loops_ring, nicolae_overflow_hidden_temple,
          mainiacjoe_overflow_small_starburst, minmay_temple_entry_wispy,
          minmay_misc_feat_pillars, nicolae_shop_firing_range
D:7:      layout_gridville, worldfamousw_hep_ancestral_shrine, slow_altar_2
D:8:      layout_cave_pools, mainiacjoe_overflow_divided_tiny,
          nicolae_uskayaw_en_pointe, gammafunk_ghost_spectres
D:9:      layout_roguey, makhleb_altar_promises_db, serial_ice, serial_ice_k,
          serial_ice_f, serial_ice_b, serial_ice_o, ebering_ghost_rock_garden,
          nicolae_wooded_promenade
D:10:     layout_cave_pools, elyvilon_altar_5, serial_shops,
          nicolae_shop_waterfront
D:11:     layout_basic, erik_lair_island, gauntlet_entry_generic, serial_shops,
          nicolae_shop_waterfront
D:12:     layout_basic, hiddenorc2_lemuel, serial_shops, shop
Temple:   minmay_temple_curvy_loop
Lair:1:   layout_cave_shapes, minivault_24, st_stairs_7,
          infiniplex_staircase_pool

Skill      XL: |  1  2  3  4  5  6  7  8  9 10 11 |
---------------+----------------------------------+-----
Stealth        | 3 4 5 6 8 10 | 10.4
Necromancy     | 5 6 7 8 9 10 | 10.0
Unarmed Combat | 5 6 9 |  9.0
Spellcasting   | 3 4 |  4.7
Fighting       | 2 6 |  6.0
Invocations    | 6 |  6.0
Short Blades   | 5 |  5.0
Dodging        | |  1.7

Action                   |  1- 3 |  4- 6 |  7- 9 | 10-12 || total
-------------------------+-------+-------+-------+-------++-------
Melee: Unarmed           |    49 |    49 |   395 |   388 ||   881
       Short sword       |       |       |     2 |       ||     2
       Punch             |       |       |     3 |    11 ||    14
       Dagger            |       |       |       |     2 ||     2
Throw: Dart              |    16 |    22 |    80 |    91 ||   209
       Stone             |     4 |     2 |       |       ||     6
       Throwing net      |       |       |       |     3 ||     3
 Cast: Pain              |    64 |    87 |    49 |    17 ||   217
       Vampiric Draining |       |       |    20 |    54 ||    74
       Animate Dead      |       |       |     5 |     7 ||    12
       Agony             |       |       |       |     7 ||     7
Invok: Shadow Step       |       |       |       |     2 ||     2
Evoke: Wand              |       |       |     9 |    55 ||    64
  Use: Scroll            |       |     2 |    10 |    15 ||    27
       Potion            |       |       |     3 |     7 ||    10
 Stab: Sleeping          |       |     1 |     5 |     2 ||     8
       Invisible         |       |       |     1 |       ||     1
Armor: Leather armour    |     6 |    12 |    30 |       ||    48
       Ring mail         |       |       |   179 |   184 ||   363
Dodge: Dodged            |    31 |    40 |   255 |   194 ||   520
